 Seeded DCSS version 0.29.1-15-g9cfb28693d (webtiles) character file.

Game seed: 12947039438745426135 (custom seed)

4 Psyclone the Stinger (level 1, 0/11 HPs)
             Began as an Octopode Venom Mage on Sept 20, 2023.
             Slain by a jackal (2 damage)
             ... on level 1 of the Dungeon.
             The game lasted 00:00:32 (47 turns).

Psyclone the Stinger (Octopode Venom Mage)            Turns: 47, Time: 00:00:32

Health: 0/11       AC:  1    Str:  7    XL:     1   Next: 60%
Magic:  0/3        EV: 13    Int: 17    God:
Gold:   19         SH:  0    Dex: 12    Spells: 3/4 levels left

rFire   . . .      SeeInvis .   (no weapon)
rCold   . . .      Faith    .   (no shield)
rNeg    . . .      Spirit   .   (helmet restricted)
rPois   .          Reflect  .   (no amulet)
rElec   .          Harm     .   (no ring)
rCorr   .          Rampage  .   (no ring)
Will    .....                   (no ring)
Stlth   +++.......              (no ring)
HPRegen 0.03/turn               (no ring)
MPRegen 0.08/turn               (no ring)
                                (no ring)
                                (no ring)

@: no status effects
A: almost no armour, amphibious, 8 rings, camouflage 1, gelatinous body 1,
(nimble swimmer 1), tentacles
a: no special abilities


You were on level 1 of the Dungeon.
You visited 1 branch of the dungeon, and saw 1 of its levels.

You collected 19 gold pieces.

Inventory:

Potions
 a - a potion of magic


   Skills:
 - Level 2.0 Dodging
 - Level 2.6 Stealth
 - Level 2.0 Spellcasting
 - Level 1.0 Transmutations
 + Level 4.0 Poison Magic


You had 3 spell levels left.
You knew the following spells:

 Your Spells              Type           Power      Damage    Failure   Level
a - Sting                 Tmut/Pois      40%        1d5       7%          1

Your spell library contained the following spells:

 Spells                   Type           Power      Damage    Failure   Level
 Poisonous Vapours        Pois/Air       16%        N/A       13%         2
 Sandblast                Erth           2%         2d4       19%         1
 Passwall                 Tmut/Erth      2%         N/A       24%         2
 Mephitic Cloud           Conj/Pois/Air  6%         N/A       32%         3
 Stone Arrow              Conj/Erth      2%         3d7       50%         3
 Olgreb's Toxic Radiance  Pois           15%        N/A       36%         4


Dungeon Overview and Level Annotations

Branches:
Dungeon (1/15) Zot: 5952

Altars:


Innate Abilities, Weirdness & Mutations

You cannot wear most types of armour.
You are amphibious.
You can wear up to eight rings at the same time.
Your skin changes colour to match your surroundings (Stealth+).
Your rubbery body absorbs attacks. (AC +1, EV +1)
((You are camouflaged when in or above water. (Stealth+)))
You have tentacles for arms and can constrict up to eight enemies at once.


Message History

You completely miss the jackal. You grab the jackal. You constrict the jackal.
The jackal bites you.
You take 1 damage, and have 7/11 hp.
The jackal barks!
You tentacle-slap the jackal but do no damage.
The jackal is lightly wounded.
You constrict the jackal, but do no damage.
The jackal closely misses you.
You tentacle-slap the jackal but do no damage.
You constrict the jackal. The jackal misses you.
The jackal barks!
You tentacle-slap the jackal. You squeeze the jackal.
You kill the jackal!
The jackal bites you.
You take 1 damage, and have 6/11 hp.
You barely miss the jackal. You grab the jackal.
You constrict the jackal, but do no damage.
The jackal bites you.
You take 1 damage, and have 5/11 hp.
You tentacle-slap the jackal but do no damage.
You constrict the jackal, but do no damage.
The jackal bites you.
* * * LOW HITPOINT WARNING * * *
The jackal barely misses you.
You take 3 damage, and have 2/11 hp.
MASSIVE DAMAGE!!
Casting: Sting (safe; 7% risk of failure)
Confirm with . or Enter, or press ? or * to list all spells.
Aiming: Sting (safe; 7% risk of failure)
Press: ? - help, Shift-Dir - straight line, f/p - jackal
Aim: a jackal (constricted by you, 98% to hit)
The sting hits the jackal.
The jackal is poisoned.
The jackal is severely wounded.
You constrict the jackal.
You kill the jackal!
Your Poison Magic skill increases to level 4!
You now have 0/3 mp.
You tentacle-slap the jackal. You grab the jackal.
The jackal is moderately wounded.
You constrict the jackal. The jackal bites you.
You die...

# ♣♣♣ # #. #.♣♣ ..
##. #..♣♣ #..#..####
#...♣♣ ##.......#
#....♣ ....†....##
##....♣♣
?###$.h..h###......♣
#..####h##.......♣
#.# #@#8..8..8.♣ ...
#.'........♣♣ ...
#.'......<..♣ ##
#.'........♣♣
###8..8..8.♣
##......♣♣ ##.....♣
##...♣♣ #...♣


You could see 2 jackals.

Vanquished Creatures
  A hobgoblin (D:1)
  2 jackals (D:1)
3 creatures vanquished.

Notes
Turn   | Place    | Note
-------+----------+-------------------------------------------
     0 | D:1      | Psyclone the Octopode Venom Mage began the quest for the
                  | Orb.
     0 | D:1      | Reached XP level 1. HP: 11/11 MP: 3/3
    47 | D:1      | Reached skill level 4 in Poison Magic
    47 | D:1      | Slain by a jackal

Illustrated notes

Levels and vault maps discovered:
D:1:      kennysheep_arrival_forest, layout_rooms,
          hellmonk_ecumenical_altar_lost_god, nicolae_shop_unique_rings,
          serial_bayou_ford_a

Skill      XL: |  1 |
---------------+----+-----
Poison Magic   | 4 |  4.0
Dodging        | |  2.0
Stealth        | |  2.6
Spellcasting   | |  2.0
Transmutations | |  1.0

Action                   || total
-------------------------++-------
Melee: Unarmed           ||    11
       Constrict         ||     3
       Tentacles         ||     1
 Cast: Sting             ||     3
Dodge: Dodged            ||    10
